 Dungeon Crawl Stone Soup version 0.27-a0-216-g1fbed8a51c (webtiles) character file.

Game seed: 6802532451861434595

270 sahdkjhfkaj the Skirmisher (level 6, 23/71 HPs)
             Began as an Ogre Necromancer on Jan 31, 2021.
             Quit the game on level 3 of the Dungeon.
             The game lasted 00:04:34 (3874 turns).

sahdkjhfkaj the Skirmisher (Ogre Necromancer)       Turns: 3874, Time: 00:04:35

Health: 23/71      AC:  4    Str: 15    XL:     6   Next: 22%
Magic:  9/9        EV: 10    Int: 16    God:
Gold:   98         SH:  0    Dex:  9    Spells: 5/9 levels left

rFire    . . .     SeeInvis .   a - +0 short sword
rCold    . . .     Faith    .   (no shield)
rNeg     . . .     Spirit   .   c - +0 robe
rPois    .         Reflect  .   (helmet restricted)
rElec    .         Harm     .   h - +0 cloak
rCorr    .         Rampage  .   (gloves unavailable)
Will     .....                  (boots unavailable)
Stlth    +.........             (no amulet)
HPRegen  0.21/turn              (no ring)
MPRegen  0.11/turn              (no ring)

@: no status effects
A: large, unfitting armour, tough skin 1
a: no special abilities


You were on level 3 of the Dungeon.
You visited 1 branch of the dungeon, and saw 3 of its levels.

You collected 98 gold pieces.

Inventory:

Hand Weapons
 a - a +0 short sword (weapon)
Armour
 c - a +0 robe (worn)
 h - a +0 cloak (worn)
Jewellery
 f - an uncursed ring of resist corrosion {unknown}
 k - an uncursed ring of protection from fire {unknown}
Scrolls
 b - a scroll of fog {unknown}
 d - a scroll of enchant armour {unknown}
 g - 7 scrolls of identify {unknown}
 i - 2 scrolls of remove curse {unknown}
 j - 4 scrolls of teleportation {unknown}
 l - 2 scrolls of magic mapping {unknown}
 m - a scroll of blinking {unknown}
Potions
 e - 4 potions of curing
 n - a potion of degeneration {unknown}
 o - a potion of attraction {unknown}
 p - a potion of brilliance {unknown}
 q - a potion of might


   Skills:
 + Level 7.6 Fighting
 - Level 0.8 Short Blades
 - Level 1.7 Dodging
 - Level 1.4 Stealth
 - Level 2.4 Spellcasting
 - Level 3.6 Necromancy


You had 5 spell levels left.
You knew the following spells:

 Your Spells              Type           Power        Failure   Level
a - Pain                  Necr           52%          4%          1
e - Vampiric Draining     Necr           6%           14%         3

Your spell library contained the following spells:

 Spells                   Type           Power        Failure   Level
 Animate Skeleton         Necr           26%          4%          1
 Animate Dead             Necr           6%           41%         4
 Agony                    Necr           13%          77%         5


Dungeon Overview and Level Annotations

Branches:
Dungeon (3/15)

Altars:
Yredelemnul


Innate Abilities, Weirdness & Mutations

You are too large for most types of armour.
You have tough skin. (AC +1)


Message History

You are too injured to fight recklessly!
You are too injured to fight recklessly!
You are too injured to fight recklessly!
You are too injured to fight recklessly!
You are too injured to fight recklessly!
You are too injured to fight recklessly!
You are too injured to fight recklessly!
You are too injured to fight recklessly!
You are too injured to fight recklessly!
You are too injured to fight recklessly!
You are too injured to fight recklessly!
The orc hits you with a +0 dagger.
There is an open door, spattered with blood here.
The orc barely misses you.
The orc priest invokes the aid of Beogh against you.
Beogh smites you!
* * * LOW HITPOINT WARNING * * *
The orc priest looks satisfied for a moment.
There is a stone staircase leading down here.
Are you sure you want to abandon this character and quit the game? (Confirm with "yes".)

#.##.##...##.#
#..#o##......#
##.#o##....#.#
#...##....#.#
##.o##....###
#.>#####.#
##.# #.#
#o#####.#
#..@.##.#
####....#
#.#### #.# #.#
#.# ###


You could see an orc.

Vanquished Creatures
  A bullfrog (D:2)
  A quasit (D:2)
  Jessica (D:2)
  An orc wizard (D:3)
  Natasha (D:2)
  2 adders (D:2)
  A worm (D:2)
  A leopard gecko (D:2)
  6 orcs (D:3)
  3 ball pythons
  7 bats
  4 giant cockroaches
  7 hobgoblins
  6 jackals
  9 kobolds
  A quokka (D:3)
  4 frilled lizards
  11 goblins
  6 rats
73 creatures vanquished.

Notes
Turn   | Place    | Note
-------+----------+-------------------------------------------
     0 | D:1      | sahdkjhfkaj the Ogre Necromancer began the quest for the
                  | Orb.
     0 | D:1      | Reached XP level 1. HP: 16/16 MP: 3/3
   186 | D:1      | Reached skill level 1 in Fighting
   191 | D:1      | Reached XP level 2. HP: 5/27 MP: 1/5
   202 | D:1      | Reached skill level 2 in Fighting
   872 | D:1      | Reached skill level 3 in Fighting
   872 | D:1      | Reached XP level 3. HP: 36/37 MP: 6/6
  1249 | D:2      | Found a basalt altar of Yredelemnul.
  1658 | D:2      | Noticed a bullfrog
  1682 | D:2      | Killed a bullfrog
  1683 | D:2      | Reached skill level 5 in Fighting
  1683 | D:2      | Reached XP level 4. HP: 21/50 MP: 7/7
  2115 | D:2      | Learned a level 3 spell: Vampiric Draining
  2287 | D:2      | Reached skill level 6 in Fighting
  2287 | D:2      | Reached XP level 5. HP: 38/59 MP: 8/8
  2757 | D:2      | Noticed Jessica
  2765 | D:2      | Killed Jessica
  3065 | D:2      | Noticed Natasha
  3078 | D:2      | Killed Natasha
  3079 | D:2      | Reached skill level 7 in Fighting
  3292 | D:3      | Reached XP level 6. HP: 64/71 MP: 4/9
  3874 | D:3      | Quit the game

Illustrated notes

Levels and vault maps discovered:
D:1:      ncdulo_watergridlock, layout_basic
D:2:      minmay_angry_zag, layout_loops_cross, yredelemnul_altar_generic,
          minmay_misc_feat_chi, uniq_natasha, uniq_jessica
D:3:      layout_basic

Skill      XL: |  1  2  3  4  5 |
---------------+----------------+-----
Fighting       | 1 3 5 6 7 |  7.6
Short Blades   | |  0.8
Dodging        | |  1.7
Stealth        | |  1.4
Spellcasting   | |  2.4
Necromancy     | |  3.6

Action                   |  1- 3 |  4- 6 || total
-------------------------+-------+-------++-------
Melee: Short sword       |   152 |   145 ||   297
 Cast: Pain              |     8 |    55 ||    63
       Vampiric Draining |       |     5 ||     5
  Use: Potion            |     2 |     2 ||     4
 Stab: Sleeping          |       |     1 ||     1
Armor: Robe              |    49 |    66 ||   115
Dodge: Dodged            |    98 |   106 ||   204

Table legend: (Time is in decaauts)
 A = Elapsed time spent in this place.
 B = Non-inter-level travel time spent in this place.
 C = Inter-level travel time spent in this place.
 D = Time resting spent in this place.
 E = Time spent auto-exploring this place.
 F = Levels seen in this place.
 G = Mean time per level.
                   A        B        C        D        E       F      G
               +--------+--------+--------+--------+--------+-----+--------+
         Total |   3897 |   3868 |     29 |    253 |   2970 |   3 | 1299.0 |
       Dungeon |   3897 |   3868 |     29 |    253 |   2970 |   3 | 1299.0 |
               +--------+--------+--------+--------+--------+-----+--------+

Top non-repeatable levels by time:
     D:2: 2048 daAuts
     D:1: 1213 daAuts
     D:3: 635 daAuts
